Crunch vs Moose

Created - Wednesday, October 14, 2015 at 03:51

Goals
1 2 3 T
Crunch 0 1 1 2
Moose 0 1 0 1
Shots
1 2 3 T
Crunch 6 9 10 25
Moose 3 11 5 19

1st period

No Goal

Penalties :
Travis Moen (SYR) for Hooking (Minor) at 13:11

2nd period

1. Moose , Martin Marincin 1 (Greg McKegg, Garret Ross) at 1:25 (PP)
2. Crunch , Jordin Tootoo 2 (Nikolay Kulemin, Leo Komarov) at 12:48

Penalties :
Jordin Tootoo (SYR) for High sticking (Minor) at 0:46

3rd period

3. Crunch , Martin Havlat 2 (Scott Hannan, Travis Moen) at 3:44 (PP)

Penalties :
Rasmus Rissanen (MAN) for Goalie Interference (Minor) at 3:15, Joel Armia (MAN) for Cross-checking (Minor) at 4:28, Garret Ross (MAN) for Holding (Minor) at 10:46, Nolan Yonkman (SYR) for Cross-checking (Minor) at 18:40

Goalie Stats

Aaron Dell (SYR), 18 saves from 19 shots - (0.947), W, 1-0-0, 60:00 minutes
Sam Brittain (MAN), 23 saves from 25 shots - (0.920), L, 2-1-1, 59:00 minutes

Players Stats for Crunch

Player Name              G  A  P  +/- PIM S  H  SB GA TA FO     MP     PP MP  PK MP  
------------------------------------------------------------------------------------
Casey Wellman            0  0  0   0  0   1  1  0  0  1  6/15   17:00   2:38   0:00 
Daniel Cleary            0  0  0   0  0   3  0  0  0  1  0/0    17:09   0:00   2:13 
Dave Bolland             0  0  0   0  0   4  1  0  3  0  3/7    14:53   0:00   0:00 
Dustin Jeffrey           0  0  0   0  0   0  0  1  0  0  1/2    18:02   0:00   2:13 
Jordin Tootoo            1  0  1   1  2   2  2  0  5  0  0/1    16:18   1:49   0:00 
Karl Stollery            0  0  0   0  0   0  1  1  0  0  0/0    20:25   2:26   0:59 
Kimmo Timonen            0  0  0   0  0   1  3  0  1  1  0/0    21:42   2:01   2:58 
Leo Komarov              0  1  1   1  0   0  1  0  2  0  1/1    10:58   0:28   0:51 
Markus Lauridsen         0  0  0   0  0   0  0  0  0  0  0/0     0:00   0:00   0:00 
Martin Havlat            1  0  1   0  0   4  0  0  4  0  2/2    18:05   2:38   0:00 
Matt Cooke               0  0  0   0  0   1  0  0  1  0  0/1    20:13   1:21   0:23 
Matt Hunwick             0  0  0   0  0   1  1  0  0  0  0/0    21:42   2:01   2:58 
Nick Jensen              0  0  0   1  0   0  1  0  0  2  0/0    17:53   0:00   0:00 
Nikolay Kulemin          0  1  1   1  0   1  0  0  1  0  0/0     8:38   0:00   0:00 
Nolan Yonkman            0  0  0   1  2   0  1  1  1  2  0/0    17:52   0:00   0:00 
Sam Carrick              0  0  0   0  0   3  0  0  2  1  5/9    17:13   1:49   1:44 
Scott Hannan             0  1  1   0  0   2  2  1  0  2  0/0    20:25   2:26   0:59 
Travis Moen              0  1  1   0  2   2  2  1  3  0  0/0    17:32   2:38   0:30 

Players Stats for Moose

Player Name              G  A  P  +/- PIM S  H  SB GA TA FO     MP     PP MP  PK MP  
------------------------------------------------------------------------------------
Ben Chiarot              0  0  0   0  0   3  3  0  3  1  0/0    21:39   2:05   2:36 
Brandon Davidson         0  0  0   0  0   0  1  0  0  1  0/0    12:59   0:00   0:00 
Cedric Paquette          0  0  0   0  0   0  0  1  2  0  0/0    21:01   1:01   3:02 
Cody Kunyk               0  0  0   0  0   0  0  0  0  0  0/0     0:00   0:00   0:00 
Colin Smith              0  0  0   0  0   0  0  1  0  0  2/6    16:37   0:42   0:00 
Daniil Tarasov           0  0  0   0  0   1  2  0  1  1  1/1    16:24   0:07   0:00 
Garret Ross              0  1  1  -1  2   2  3  0  2  0  1/1    18:00   2:14   0:00 
Greg McKegg              0  1  1  -1  0   1  3  0  0  0  5/10   19:15   2:36   0:22 
Joel Armia               0  0  0  -1  2   0  2  0  0  0  0/0    18:52   2:36   0:00 
Josh Jooris              0  0  0   0  0   3  1  2  5  0  9/15   21:19   1:21   3:02 
Josh Manson              0  0  0   0  0   2  1  1  2  2  0/0    12:59   0:00   0:00 
Klas Dahlbeck            0  0  0  -1  0   1  0  2  2  1  0/0    19:16   1:52   1:51 
Martin Marincin          1  0  1   0  0   2  0  0  0  2  0/0    21:39   2:05   2:36 
Michael Schumacher       0  0  0   0  0   0  2  0  0  0  0/0    16:37   0:00   0:52 
Oscar Klefbom            0  0  0  -1  0   4  2  2  1  1  0/0    25:22   1:52   1:51 
Rasmus Rissanen          0  0  0   0  2   0  0  1  0  0  0/0     6:05   0:00   0:00 
Rob Flick                0  0  0   0  0   0  2  0  0  0  2/4    10:09   0:00   1:03 
Ryan Malone              0  0  0   0  0   0  0  1  0  0  0/1    17:17   1:14   0:33 

3 Stars

1 - Aaron Dell (SYR)
2 - Jordin Tootoo (SYR)
3 - Martin Marincin (MAN)

Power Play

Crunch - 1 on 3 Attempt(s) - 33.33%
Moose - 1 on 3 Attempt(s) - 33.33%

Penalty Kill

Crunch - 2 on 3 Attempt(s) - 66.67% - Score 0 goal in Penalty Kill
Moose - 2 on 3 Attempt(s) - 66.67% - Score 0 goal in Penalty Kill

Team Stat

Crunch - Hits : 16 - Faceoff Wins : 18 - Blocked Shots : 5 - Penalty Minutes : 6
Moose - Hits : 22 - Faceoff Wins : 20 - Blocked Shots : 11 - Penalty Minutes : 6

Official

Referees : Unknown
Linesman : Unknown

Game Notes

No Game Note

Finance

Level 1 -- Attendance: 1556 (77.80%) -- Ticket Income $46,680
Level 2 -- Attendance: 749 (74.90%) -- Ticket Income $9,737
Total Attendance: 2305 (76.83%)
Total Ticket Income: $56,417
Other Income: $27,644
Total Income: $84,061

Crunch

5 vs 5 Forward 
   Center                   Left Wing                Right Wing               Time % Phy DF OF 
 1 Sam Carrick              Jordin Tootoo            Matt Cooke               30     1   2  2  
 2 Casey Wellman            Martin Havlat            Travis Moen              30     1   2  2  
 3 Dave Bolland             Dustin Jeffrey           Daniel Cleary            25     1   2  2  
 4 Matt Cooke               Leo Komarov              Nikolay Kulemin          15     1   2  2  

5 vs 5 Defense 
   Defense                  Defense                                           Time % Phy DF OF 
 1 Kimmo Timonen            Matt Hunwick                                      34     1   2  2  
 2 Karl Stollery            Scott Hannan                                      33     1   2  2  
 3 Nolan Yonkman            Nick Jensen                                       33     1   2  2  
 4 Kimmo Timonen            Matt Hunwick                                      0      1   2  2  

PowerPlay Forward 
   Center                   Left Wing                Right Wing               Time % Phy DF OF 
 1 Sam Carrick              Jordin Tootoo            Matt Cooke               50     1   1  3  
 2 Casey Wellman            Martin Havlat            Travis Moen              50     0   1  4  

PowerPlay Defense
   Defense                  Defense                                           Time % Phy DF OF 
 1 Kimmo Timonen            Matt Hunwick                                      50     1   2  2  
 2 Karl Stollery            Scott Hannan                                      50     1   2  2  

Penalty Kill 4 Players Forward 
   Center                   Wing                     Time % Phy DF OF 
 1 Dustin Jeffrey           Daniel Cleary            50     1   4  0  
 2 Sam Carrick              Travis Moen              50     1   4  0  

Penalty Kill 4 Players Defense
   Defense                  Defense                  Time % Phy DF OF 
 1 Karl Stollery            Scott Hannan             50     1   4  0  
 2 Kimmo Timonen            Matt Hunwick             50     1   4  0  

Penalty Kill - 3 Players Forward 
   Forward                                           Time % Phy DF OF 
 1 Dustin Jeffrey                                    50     1   4  0  
 2 Sam Carrick                                       50     1   4  0  

Penalty Kill - 3 Players Defense
   Defense                  Defense                  Time % Phy DF OF 
 1 Karl Stollery            Scott Hannan             50     1   4  0  
 2 Kimmo Timonen            Matt Hunwick             50     1   4  0  

4 vs 4 Forward 
   Center                   Wing                     Time % Phy DF OF 
 1 Sam Carrick              Jordin Tootoo            50     1   1  3  
 2 Casey Wellman            Martin Havlat            50     0   1  4  

4 vs 4 Defense
   Defense                  Defense                  Time % Phy DF OF 
 1 Kimmo Timonen            Matt Hunwick             50     1   2  2  
 2 Karl Stollery            Scott Hannan             50     1   2  2  

Last Minutes Offensive
   Center                   Left Wing                Right Wing               Defense                  Defense                  
   Sam Carrick              Jordin Tootoo            Matt Cooke               Kimmo Timonen            Matt Hunwick             

Last Minutes Defensive
   Center                   Left Wing                Right Wing               Defense                  Defense                  
   Sam Carrick              Travis Moen              Matt Cooke               Karl Stollery            Scott Hannan             

Goaltenders
Starting : Aaron Dell               
Backup : John Curry               

Extra Forwards
Normal : Martin Havlat, Jordin Tootoo, Matt Cooke - PP : Martin Havlat, Jordin Tootoo - PK : Matt Cooke
Extra Defensemen
Normal : Kimmo Timonen, Matt Hunwick, Scott Hannan - PP : Kimmo Timonen - PK : Scott Hannan, Karl Stollery
Penalty Shots
Matt Cooke, Dustin Jeffrey, Casey Wellman, Sam Carrick, Kimmo Timonen

Moose

5 vs 5 Forward 
   Center                   Left Wing                Right Wing               Time % Phy DF OF 
 1 Josh Jooris              Cedric Paquette          Ryan Malone              35     1   2  2  
 2 Greg McKegg              Garret Ross              Joel Armia               30     1   2  2  
 3 Colin Smith              Michael Schumacher       Daniil Tarasov           22     1   2  2  
 4 Rob Flick                Josh Jooris              Cedric Paquette          13     1   2  2  

5 vs 5 Defense 
   Defense                  Defense                                           Time % Phy DF OF 
 1 Oscar Klefbom            Klas Dahlbeck                                     35     1   2  2  
 2 Martin Marincin          Ben Chiarot                                       30     1   2  2  
 3 Brandon Davidson         Josh Manson                                       22     1   2  2  
 4 Rasmus Rissanen          Oscar Klefbom                                     13     1   2  2  

PowerPlay Forward 
   Center                   Left Wing                Right Wing               Time % Phy DF OF 
 1 Josh Jooris              Cedric Paquette          Ryan Malone              60     1   2  2  
 2 Greg McKegg              Garret Ross              Joel Armia               40     1   2  2  

PowerPlay Defense
   Defense                  Defense                                           Time % Phy DF OF 
 1 Oscar Klefbom            Klas Dahlbeck                                     60     1   2  2  
 2 Martin Marincin          Ben Chiarot                                       40     1   2  2  

Penalty Kill 4 Players Forward 
   Center                   Wing                     Time % Phy DF OF 
 1 Josh Jooris              Cedric Paquette          60     1   2  2  
 2 Ryan Malone              Greg McKegg              40     1   2  2  

Penalty Kill 4 Players Defense
   Defense                  Defense                  Time % Phy DF OF 
 1 Oscar Klefbom            Klas Dahlbeck            60     1   2  2  
 2 Martin Marincin          Ben Chiarot              40     1   2  2  

Penalty Kill - 3 Players Forward 
   Forward                                           Time % Phy DF OF 
 1 Josh Jooris                                       60     1   2  2  
 2 Cedric Paquette                                   40     1   2  2  

Penalty Kill - 3 Players Defense
   Defense                  Defense                  Time % Phy DF OF 
 1 Oscar Klefbom            Klas Dahlbeck            60     1   2  2  
 2 Martin Marincin          Ben Chiarot              40     1   2  2  

4 vs 4 Forward 
   Center                   Wing                     Time % Phy DF OF 
 1 Josh Jooris              Cedric Paquette          60     1   2  2  
 2 Ryan Malone              Greg McKegg              40     1   2  2  

4 vs 4 Defense
   Defense                  Defense                  Time % Phy DF OF 
 1 Oscar Klefbom            Klas Dahlbeck            60     1   2  2  
 2 Martin Marincin          Ben Chiarot              40     1   2  2  

Last Minutes Offensive
   Center                   Left Wing                Right Wing               Defense                  Defense                  
   Josh Jooris              Cedric Paquette          Ryan Malone              Oscar Klefbom            Klas Dahlbeck            

Last Minutes Defensive
   Center                   Left Wing                Right Wing               Defense                  Defense                  
   Josh Jooris              Cedric Paquette          Ryan Malone              Oscar Klefbom            Klas Dahlbeck            

Goaltenders
Starting : Sam Brittain             
Backup : Patrik Bartosak          

Extra Forwards
Normal : Colin Smith, Daniil Tarasov, Rob Flick - PP : Colin Smith, Daniil Tarasov - PK : Rob Flick
Extra Defensemen
Normal : Brandon Davidson, Josh Manson, Rasmus Rissanen - PP : Brandon Davidson - PK : Josh Manson, Rasmus Rissanen
Penalty Shots
Josh Jooris, Cedric Paquette, Ryan Malone, Greg McKegg, Garret Ross

% Time on Ice - Crunch

Lines # - Real PCT - Wanted PCT - Time Play
Normal Forward
1 - 27% - 30% - 13:43
2 - 28% - 30% - 14:22
3 - 29% - 25% - 14:53
4 - 17% - 15% - 8:38
Normal Defense
1 - 32% - 34% - 16:22
2 - 33% - 33% - 16:51
3 - 35% - 33% - 17:53
4 - 1% - 0% - 0:30
PP Forward
1 - 41% - 50% - 1:49
2 - 59% - 50% - 2:38
PP Defense
1 - 45% - 50% - 2:01
2 - 55% - 50% - 2:26
PK Forward
1 - 56% - 50% - 2:13
2 - 44% - 50% - 1:44
PK Defense
1 - 25% - 50% - 0:59
2 - 75% - 50% - 2:58
PK3 Forward
1 - 0% - 50%
2 - 0% - 50%
PK3 Defense
1 - 0% - 50%
2 - 0% - 50%
44 Forward
1 - 0% - 50%
2 - 0% - 50%
44 Defense
1 - 0% - 50%
2 - 0% - 50%
Last Minute Offensive  - 0:00
Last Minute Defensive  - 0:00
Total
Forward - 60:00
Defense - 60:00

% Time on Ice - Moose

Lines # - Real PCT - Wanted PCT - Time Play
Normal Forward
1 - 27% - 35% - 13:56
2 - 32% - 30% - 16:17
3 - 30% - 22% - 15:32
4 - 11% - 13% - 5:51
Normal Defense
1 - 30% - 35% - 15:33
2 - 33% - 30% - 16:58
3 - 25% - 22% - 12:59
4 - 12% - 13% - 6:06
PP Forward
1 - 34% - 60% - 1:21
2 - 66% - 40% - 2:36
PP Defense
1 - 47% - 60% - 1:52
2 - 53% - 40% - 2:05
PK Forward
1 - 92% - 60% - 4:05
2 - 8% - 40% - 0:22
PK Defense
1 - 42% - 60% - 1:51
2 - 58% - 40% - 2:36
PK3 Forward
1 - 0% - 60%
2 - 0% - 40%
PK3 Defense
1 - 0% - 60%
2 - 0% - 40%
44 Forward
1 - 0% - 60%
2 - 0% - 40%
44 Defense
1 - 0% - 60%
2 - 0% - 40%
Last Minute Offensive  - 0:00
Last Minute Defensive  - 0:00
Total
Forward - 60:00
Defense - 60:00

Play by Play

1st period


0:01 of 1st period - Josh Jooris wins face-off versus Matt Cooke in neutral zone.
0:54 of 1st period - Travis Moen is hit by Garret Ross and loses puck.
1:11 of 1st period - Backhand shot by Martin Marincin.
1:11 of 1st period - Shot Blocked by Travis Moen.
1:13 of 1st period - Snap shot by Martin Marincin.
1:13 of 1st period - Deflect By Garret Ross.
1:13 of 1st period - Stopped by Aaron Dell with a rebound.
1:15 of 1st period - Backhand shot by Ben Chiarot.
1:15 of 1st period - Shot Misses the Net.
1:17 of 1st period - Snap shot by Ben Chiarot.
1:17 of 1st period - Shot Blocked by Karl Stollery.
1:41 of 1st period - Martin Marincin is hit by Karl Stollery and loses puck.
1:55 of 1st period - Casey Wellman is hit by Michael Schumacher and loses puck.
4:00 of 1st period - Josh Jooris is hit by Kimmo Timonen and loses puck.
5:33 of 1st period - Backhand shot by Jordin Tootoo.
5:33 of 1st period - Shot Blocked by Josh Manson.
5:45 of 1st period - Nolan Yonkman is hit by Joel Armia and loses puck.
6:18 of 1st period - Nick Jensen is hit by Michael Schumacher and loses puck.
6:59 of 1st period - Backhand shot by Josh Manson.
6:59 of 1st period - Stopped by Aaron Dell with a rebound.
7:23 of 1st period - Snap shot by Matt Cooke.
7:23 of 1st period - Shot Blocked by Colin Smith.
7:45 of 1st period - Nikolay Kulemin is hit by Rob Flick.
7:49 of 1st period - Brandon Davidson is hit by Leo Komarov and loses puck.
7:56 of 1st period - Kimmo Timonen is hit by Garret Ross and loses puck.
9:01 of 1st period - Snap shot by Martin Havlat.
9:01 of 1st period - Stopped by Sam Brittain without a rebound.
9:02 of 1st period - Greg McKegg wins face-off versus Casey Wellman in Moose zone.
10:06 of 1st period - Dave Bolland is hit by Ben Chiarot and loses puck.
10:48 of 1st period - Kimmo Timonen is hit by Rob Flick and loses puck.
10:55 of 1st period - Slapshot by Matt Hunwick.
10:55 of 1st period - Stopped by Sam Brittain with a rebound.
10:57 of 1st period - Wrist shot by Leo Komarov.
10:57 of 1st period - Deflect By Jordin Tootoo.
10:57 of 1st period - Shot Misses the Net.
10:57 of 1st period - Puck is out of play.
10:58 of 1st period - Josh Jooris wins face-off versus Sam Carrick in Moose zone.
10:58 of 1st period - Josh Jooris is hit by Matt Hunwick.
11:14 of 1st period - Snap shot by Jordin Tootoo.
11:14 of 1st period - Stopped by Sam Brittain with a rebound.
11:16 of 1st period - Snap shot by Scott Hannan.
11:16 of 1st period - Stopped by Sam Brittain without a rebound.
11:17 of 1st period - Sam Carrick wins face-off versus Josh Jooris in Moose zone.
11:36 of 1st period - Scott Hannan is hit by Josh Jooris and loses puck.
12:25 of 1st period - Martin Marincin is hit by Scott Hannan and loses puck.
13:11 of 1st period - Minor Penalty to Travis Moen for Hooking.
13:12 of 1st period - Greg McKegg wins face-off versus Sam Carrick in Crunch zone.
13:17 of 1st period - Slapshot by Oscar Klefbom.
13:17 of 1st period - Shot Misses the Net.
13:19 of 1st period - Backhand shot by Oscar Klefbom.
13:19 of 1st period - Stopped by Aaron Dell without a rebound.
13:20 of 1st period - Greg McKegg wins face-off versus Sam Carrick in Crunch zone.
13:43 of 1st period - Wrist shot by Josh Jooris.
13:43 of 1st period - Shot Blocked by Dustin Jeffrey.
14:09 of 1st period - Kimmo Timonen is hit by Oscar Klefbom and loses puck.
15:11 of 1st period - Penalty to Travis Moen is over, Travis Moen is back on ice.
15:25 of 1st period - Oscar Klefbom is hit by Nick Jensen and loses puck.
18:40 of 1st period - Slapshot by Ben Chiarot.
18:40 of 1st period - Shot Blocked by Nolan Yonkman.
19:12 of 1st period - Snap shot by Matt Cooke.
19:12 of 1st period - Stopped by Sam Brittain without a rebound.
19:13 of 1st period - Sam Carrick wins face-off versus Rob Flick in Moose zone.
19:30 of 1st period - Snap shot by Martin Havlat.
19:30 of 1st period - Stopped by Sam Brittain without a rebound.
19:31 of 1st period - Rob Flick wins face-off versus Casey Wellman in Moose zone.
19:44 of 1st period - Dave Bolland is hit by Greg McKegg.
19:48 of 1st period - Scott Hannan is hit by Joel Armia and loses puck.
Goals for this period are 0 for Crunch vs 0 for Moose.
Shots for this period are 6 for Crunch vs 3 for Moose.

2nd period


0:01 of 2nd period - Sam Carrick wins face-off versus Josh Jooris in neutral zone.
0:23 of 2nd period - Snap shot by Jordin Tootoo.
0:23 of 2nd period - Shot Misses the Net.
0:46 of 2nd period - Minor Penalty to Jordin Tootoo for High sticking.
0:47 of 2nd period - Greg McKegg wins face-off versus Dustin Jeffrey in Crunch zone.
1:17 of 2nd period - Slapshot by Ben Chiarot.
1:17 of 2nd period - Stopped by Aaron Dell with a rebound.
1:23 of 2nd period - Wrist shot by Greg McKegg.
1:23 of 2nd period - Stopped by Aaron Dell with a rebound.
1:25 of 2nd period - Slapshot by Martin Marincin.
1:25 of 2nd period - Goal by Martin Marincin - Crunch : 0 - Moose : 1.
1:26 of 2nd period - Josh Jooris wins face-off versus Jordin Tootoo in neutral zone.
1:47 of 2nd period - Wrist shot by Jordin Tootoo.
1:47 of 2nd period - Shot Misses the Net.
1:49 of 2nd period - Slapshot by Matt Hunwick.
1:49 of 2nd period - Shot Misses the Net.
2:27 of 2nd period - Slapshot by Ben Chiarot.
2:27 of 2nd period - Stopped by Aaron Dell with a rebound.
2:29 of 2nd period - Snap shot by Daniil Tarasov.
2:29 of 2nd period - Stopped by Aaron Dell without a rebound.
2:30 of 2nd period - Colin Smith wins face-off versus Casey Wellman in Crunch zone.
2:45 of 2nd period - Wrist shot by Casey Wellman.
2:45 of 2nd period - Stopped by Sam Brittain with a rebound.
3:27 of 2nd period - Brandon Davidson is hit by Nolan Yonkman and loses puck.
4:42 of 2nd period - Slapshot by Oscar Klefbom.
4:42 of 2nd period - Stopped by Aaron Dell with a rebound.
4:44 of 2nd period - Slapshot by Klas Dahlbeck.
4:44 of 2nd period - Deflect By Dustin Jeffrey.
4:44 of 2nd period - Stopped by Aaron Dell with a rebound.
5:25 of 2nd period - Slapshot by Matt Cooke.
5:25 of 2nd period - Deflect By Sam Carrick.
5:25 of 2nd period - Stopped by Sam Brittain with a rebound.
5:27 of 2nd period - Snap shot by Karl Stollery.
5:27 of 2nd period - Deflect By Sam Carrick.
5:27 of 2nd period - Stopped by Sam Brittain without a rebound.
5:28 of 2nd period - Casey Wellman wins face-off versus Josh Jooris in Moose zone.
6:01 of 2nd period - Cedric Paquette is hit by Scott Hannan and loses puck.
6:19 of 2nd period - Matt Cooke is hit by Daniil Tarasov and loses puck.
6:51 of 2nd period - Matt Hunwick is hit by Josh Manson and loses puck.
7:27 of 2nd period - Wrist shot by Martin Havlat.
7:27 of 2nd period - Shot Misses the Net.
7:39 of 2nd period - Cedric Paquette is hit by Travis Moen and loses puck.
8:33 of 2nd period - Wrist shot by Dave Bolland.
8:33 of 2nd period - Shot Misses the Net.
8:35 of 2nd period - Slapshot by Nolan Yonkman.
8:35 of 2nd period - Shot Blocked by Cedric Paquette.
8:37 of 2nd period - Slapshot by Dave Bolland.
8:37 of 2nd period - Deflect By Daniel Cleary.
8:37 of 2nd period - Stopped by Sam Brittain with a rebound.
8:39 of 2nd period - Wrist shot by Daniel Cleary.
8:39 of 2nd period - Stopped by Sam Brittain without a rebound.
8:40 of 2nd period - Dave Bolland wins face-off versus Colin Smith in Moose zone.
8:57 of 2nd period - Snap shot by Nikolay Kulemin.
8:57 of 2nd period - Stopped by Sam Brittain without a rebound.
8:58 of 2nd period - Martin Havlat wins face-off versus Colin Smith in Moose zone.
9:16 of 2nd period - Icing by Karl Stollery.
9:17 of 2nd period - Martin Havlat wins face-off versus Greg McKegg in Crunch zone.
9:46 of 2nd period - Snap shot by Josh Jooris.
9:46 of 2nd period - Shot Blocked by Scott Hannan.
9:48 of 2nd period - Slapshot by Cedric Paquette.
9:48 of 2nd period - Deflect By Josh Jooris.
9:48 of 2nd period - Stopped by Aaron Dell with a rebound.
10:14 of 2nd period - Wrist shot by Josh Manson.
10:14 of 2nd period - Shot Misses the Net.
10:49 of 2nd period - Off-side.
10:50 of 2nd period - Rob Flick wins face-off versus Dave Bolland in neutral zone.
11:48 of 2nd period - Matt Hunwick is hit by Ben Chiarot.
12:05 of 2nd period - Backhand shot by Martin Havlat.
12:05 of 2nd period - Stopped by Sam Brittain without a rebound.
12:06 of 2nd period - Greg McKegg wins face-off versus Casey Wellman in Moose zone.
12:19 of 2nd period - Oscar Klefbom is hit by Travis Moen and loses puck.
12:48 of 2nd period - Snap shot by Nikolay Kulemin.
12:48 of 2nd period - Deflect By Jordin Tootoo.
12:48 of 2nd period - Goal by Jordin Tootoo - Crunch : 1 - Moose : 1.
12:49 of 2nd period - Dave Bolland wins face-off versus Colin Smith in neutral zone.
13:17 of 2nd period - Off-side.
13:18 of 2nd period - Casey Wellman wins face-off versus Josh Jooris in neutral zone.
13:28 of 2nd period - Off-side.
13:29 of 2nd period - Josh Jooris wins face-off versus Casey Wellman in neutral zone.
14:27 of 2nd period - Ben Chiarot is hit by Dave Bolland.
16:02 of 2nd period - Wrist shot by Travis Moen.
16:02 of 2nd period - Stopped by Sam Brittain without a rebound.
16:03 of 2nd period - Casey Wellman wins face-off versus Greg McKegg in Moose zone.
16:27 of 2nd period - Off-side.
16:28 of 2nd period - Colin Smith wins face-off versus Dave Bolland in neutral zone.
19:03 of 2nd period - Slapshot by Josh Manson.
19:03 of 2nd period - Stopped by Aaron Dell without a rebound.
19:04 of 2nd period - Casey Wellman wins face-off versus Colin Smith in Crunch zone.
19:14 of 2nd period - Slapshot by Martin Marincin.
19:14 of 2nd period - Stopped by Aaron Dell without a rebound.
19:15 of 2nd period - Josh Jooris wins face-off versus Casey Wellman in Crunch zone.
19:22 of 2nd period - Wrist shot by Josh Jooris.
19:22 of 2nd period - Stopped by Aaron Dell with a rebound.
Goals for this period are 1 for Crunch vs 1 for Moose.
Shots for this period are 9 for Crunch vs 11 for Moose.

3rd period


0:01 of 3rd period - Sam Carrick wins face-off versus Josh Jooris in neutral zone.
0:04 of 3rd period - Ryan Malone is hit by Jordin Tootoo and loses puck.
0:58 of 3rd period - Karl Stollery is hit by Garret Ross and loses puck.
1:03 of 3rd period - Snap shot by Garret Ross.
1:03 of 3rd period - Stopped by Aaron Dell with a rebound.
1:37 of 3rd period - Slapshot by Josh Manson.
1:37 of 3rd period - Deflect By Michael Schumacher.
1:37 of 3rd period - Shot Misses the Net.
1:37 of 3rd period - Puck is out of play.
1:38 of 3rd period - Daniil Tarasov wins face-off versus Dave Bolland in Crunch zone.
2:13 of 3rd period - Snap shot by Daniil Tarasov.
2:13 of 3rd period - Shot Misses the Net.
2:15 of 3rd period - Slapshot by Ben Chiarot.
2:15 of 3rd period - Stopped by Aaron Dell without a rebound.
2:16 of 3rd period - Sam Carrick wins face-off versus Rob Flick in Crunch zone.
2:43 of 3rd period - Slapshot by Matt Cooke.
2:43 of 3rd period - Shot Misses the Net.
2:45 of 3rd period - Snap shot by Kimmo Timonen.
2:45 of 3rd period - Deflect By Oscar Klefbom.
2:45 of 3rd period - Stopped by Sam Brittain with a rebound.
2:47 of 3rd period - Slapshot by Jordin Tootoo.
2:47 of 3rd period - Shot Misses the Net.
2:49 of 3rd period - Snap shot by Sam Carrick.
2:49 of 3rd period - Shot Blocked by Oscar Klefbom.
3:13 of 3rd period - Snap shot by Nikolay Kulemin.
3:13 of 3rd period - Shot Blocked by Rasmus Rissanen.
3:15 of 3rd period - Minor Penalty to Rasmus Rissanen for Goalie Interference.
3:16 of 3rd period - Josh Jooris wins face-off versus Casey Wellman in Moose zone.
3:40 of 3rd period - Snap shot by Travis Moen.
3:40 of 3rd period - Shot Misses the Net.
3:42 of 3rd period - Slapshot by Scott Hannan.
3:42 of 3rd period - Stopped by Sam Brittain with a rebound.
3:44 of 3rd period - Snap shot by Martin Havlat.
3:44 of 3rd period - Goal by Martin Havlat - Crunch : 2 - Moose : 1.
3:45 of 3rd period - Dave Bolland wins face-off versus Greg McKegg in neutral zone.
4:00 of 3rd period - Slapshot by Dave Bolland.
4:00 of 3rd period - Stopped by Sam Brittain with a rebound.
4:28 of 3rd period - Minor Penalty to Joel Armia for Cross-checking.
4:29 of 3rd period - Josh Jooris wins face-off versus Sam Carrick in Moose zone.
4:52 of 3rd period - Snap shot by Josh Jooris.
4:52 of 3rd period - Stopped by Aaron Dell without a rebound.
4:53 of 3rd period - Casey Wellman wins face-off versus Josh Jooris in Crunch zone.
5:04 of 3rd period - Wrist shot by Travis Moen.
5:04 of 3rd period - Shot Blocked by Klas Dahlbeck.
5:06 of 3rd period - Slapshot by Scott Hannan.
5:06 of 3rd period - Shot Blocked by Josh Jooris.
5:08 of 3rd period - Slapshot by Karl Stollery.
5:08 of 3rd period - Shot Misses the Net.
5:10 of 3rd period - Snap shot by Casey Wellman.
5:10 of 3rd period - Shot Blocked by Klas Dahlbeck.
5:12 of 3rd period - Snap shot by Casey Wellman.
5:12 of 3rd period - Shot Misses the Net.
5:23 of 3rd period - Snap shot by Travis Moen.
5:23 of 3rd period - Shot Misses the Net.
6:03 of 3rd period - Snap shot by Jordin Tootoo.
6:03 of 3rd period - Shot Misses the Net.
6:05 of 3rd period - Slapshot by Matt Cooke.
6:05 of 3rd period - Deflect By Sam Carrick.
6:05 of 3rd period - Shot Misses the Net.
6:05 of 3rd period - Puck is out of play.
6:06 of 3rd period - Casey Wellman wins face-off versus Ryan Malone in Moose zone.
6:28 of 3rd period - Penalty to Joel Armia is over, Joel Armia is back on ice.
7:11 of 3rd period - Snap shot by Daniel Cleary.
7:11 of 3rd period - Shot Misses the Net.
7:13 of 3rd period - Backhand shot by Daniel Cleary.
7:13 of 3rd period - Stopped by Sam Brittain with a rebound.
8:16 of 3rd period - Karl Stollery is hit by Daniil Tarasov.
8:53 of 3rd period - Martin Havlat is hit by Brandon Davidson and loses puck.
8:58 of 3rd period - Slapshot by Oscar Klefbom.
8:58 of 3rd period - Stopped by Aaron Dell with a rebound.
9:10 of 3rd period - Klas Dahlbeck is hit by Kimmo Timonen and loses puck.
9:17 of 3rd period - Oscar Klefbom is hit by Kimmo Timonen and loses puck.
9:44 of 3rd period - Nick Jensen is hit by Oscar Klefbom and loses puck.
10:20 of 3rd period - Icing by Leo Komarov.
10:21 of 3rd period - Leo Komarov wins face-off versus Greg McKegg in Crunch zone.
10:46 of 3rd period - Minor Penalty to Garret Ross for Holding.
10:47 of 3rd period - Josh Jooris wins face-off versus Casey Wellman in Moose zone.
12:46 of 3rd period - Penalty to Garret Ross is over, Garret Ross is back on ice.
12:49 of 3rd period - Snap shot by Travis Moen.
12:49 of 3rd period - Shot Misses the Net.
12:59 of 3rd period - Nolan Yonkman is hit by Ben Chiarot and loses puck.
13:14 of 3rd period - Snap shot by Dave Bolland.
13:14 of 3rd period - Stopped by Sam Brittain with a rebound.
13:16 of 3rd period - Wrist shot by Dave Bolland.
13:16 of 3rd period - Stopped by Sam Brittain with a rebound.
13:18 of 3rd period - Slapshot by Nick Jensen.
13:18 of 3rd period - Shot Misses the Net.
13:30 of 3rd period - Snap shot by Dave Bolland.
13:30 of 3rd period - Stopped by Sam Brittain with a rebound.
14:41 of 3rd period - Snap shot by Sam Carrick.
14:41 of 3rd period - Stopped by Sam Brittain with a rebound.
15:45 of 3rd period - Wrist shot by Nikolay Kulemin.
15:45 of 3rd period - Shot Blocked by Oscar Klefbom.
15:47 of 3rd period - Slapshot by Nolan Yonkman.
15:47 of 3rd period - Shot Blocked by Ryan Malone.
16:29 of 3rd period - Daniil Tarasov is hit by Jordin Tootoo and loses puck.
17:14 of 3rd period - Snap shot by Travis Moen.
17:14 of 3rd period - Stopped by Sam Brittain without a rebound.
17:15 of 3rd period - Garret Ross wins face-off versus Casey Wellman in Moose zone.
17:15 of 3rd period - Garret Ross is hit by Casey Wellman.
17:31 of 3rd period - Scott Hannan is hit by Greg McKegg and loses puck.
17:49 of 3rd period - Icing by Klas Dahlbeck.
17:50 of 3rd period - Josh Jooris wins face-off versus Dave Bolland in Moose zone.
17:59 of 3rd period - Wrist shot by Daniel Cleary.
17:59 of 3rd period - Shot Blocked by Josh Jooris.
18:21 of 3rd period - Nick Jensen is hit by Greg McKegg and loses puck.
18:40 of 3rd period - Minor Penalty to Nolan Yonkman for Cross-checking.
18:41 of 3rd period - Dustin Jeffrey wins face-off versus Greg McKegg in Crunch zone.
19:00 of 3rd period - Moose, Sam Brittain is pulled from the net.
19:38 of 3rd period - Slapshot by Oscar Klefbom.
19:38 of 3rd period - Stopped by Aaron Dell with a rebound.
Goals for this period are 1 for Crunch vs 0 for Moose.
Shots for this period are 10 for Crunch vs 5 for Moose.